Map: Data-C

Players

Hooman

  • Race: Zerg Zerg
  • Spawn Location: 3:00

AniketosMav - Winner!

  • Race: Protoss Protoss
  • League: Master
  • Spawn Location: 9:00

VOD

Have the link to the VOD?

Description

4.67k Protoss vs 5.9k Zerg

Time

  • Played on: Dec. 10, 2022, 12:11 p.m.
  • Length: 18:46
Show
View Real Time Build Order
Export as new Build Order

Hooman Zerg 

Build Orders: Hatch First 

Get SALT Encoding   

  12  0:01  Drone  
  13  0:12  Overlord  
  13  0:17  Drone  
  14  0:30  Drone x2  
  16  0:48  Hatchery  
  15  0:51  Drone  
  15  0:55  Drone  
  17  0:59  Drone  
  17  1:02  Extractor  
  17  1:15  Spawning Pool  
  16  1:18  Drone  
  16  1:21  Drone  
  18  1:28  Drone  
  19  1:39  Drone  
  20  1:50  Overlord  
  20  2:02  Queen x2  
  20  2:03  Zergling x4  
  20  2:08  Metabolic Boost  
  26  2:11  Drone  
  26  2:14  Drone  
  28  2:21  Drone  
  29  2:23  Drone  
  30  2:36  Hatchery  
  29  2:38  Zergling x2  
  29  2:43  Overlord  
  30  2:48  Drone x2  
  32  2:56  Drone  
  33  3:05  Drone x3  
  36  3:09  Queen  
  36  3:11  Overlord  
  36  3:12  Drone  
  39  3:14  Drone  
  39  3:17  Zergling x2  
  39  3:19  Drone  
  42  3:23  Spore Crawler, Drone  
  42  3:27  Drone x2  
  42  3:30  Spore Crawler  
  42  3:32  Drone  
  44  3:37  Evolution Chamber  
  44  3:38  Drone  
  44  3:44  Drone x3  
  47  3:48  Queen  
  47  3:55  Drone x2  
  51  3:59  Spore Crawler  
  51  4:00  Overlord  
  50  4:03  Zerg Melee Weapons Level 1  
  50  4:05  Drone  
  50  4:06  Drone  
  50  4:08  Drone  
  54  4:10  Drone  
  54  4:13  Drone x2  
  54  4:16  Overlord  
  56  4:18  Drone  
  56  4:20  Drone  
  56  4:21  Drone  
  59  4:24  Drone x2  
  59  4:28  Queen  
  59  4:31  Drone  
  64  4:37  Drone x2  
  64  4:38  Drone x2  
  68  4:39  Lair  
  68  4:47  Hatchery  
  68  4:48  Drone  
  68  4:52  Extractor x2  
  66  4:53  Drone x4  
  66  4:59  Drone  
  71  5:00  Drone x2, Baneling Nest  
  71  5:03  Overlord  
  71  5:05  Zergling x4  
  73  5:14  Overlord x2  
  73  5:15  Overlord x2  
  73  5:27  Extractor  
  73  5:28  Extractor  
  71  5:29  Zergling x4  
  71  5:32  Overlord  
  71  5:33  Zergling x2  
  71  5:34  Zergling x12  
  80  5:37  Drone x4  
  80  5:39  Drone  
  80  5:40  Queen  
  80  5:41  Hydralisk Den  
  80  5:42  Overseer  
  86  5:44  Drone  
  86  5:47  Drone  
  86  5:49  Drone x2, Extractor  
  90  5:50  Drone, Pneumatized Carapace  
  90  5:51  Zergling x2  
  90  5:55  Drone  
  92  6:00  Zerg Melee Weapons Level 2  
  92  6:01  Drone x5  
  92  6:04  Baneling x3  
  97  6:07  Overlord  
  97  6:14  Hydralisk x4  
  97  6:17  Spore Crawler  
  104  6:22  Overlord x2  
  104  6:23  Muscular Augments  
  104  6:27  Drone x3, Extractor  
  104  6:28  Drone  
  104  6:32  Hydralisk x3  
  110  6:37  Hydralisk x2  
  116  6:43  Baneling x5  
  116  6:47  Drone  
  116  6:48  Drone, Extractor  
  116  6:50  Baneling x4  
  116  6:52  Spore Crawler, Zergling x10  
  121  6:57  Baneling  
  121  6:58  Baneling x4  
  121  7:04  Hydralisk x3  
  120  7:09  Zergling x16  
  120  7:12  Baneling x4  
  121  7:18  Hydralisk x3  
  115  7:23  Zergling x12  
  115  7:26  Queen  
  115  7:29  Baneling  
  114  7:30  Baneling  
  114  7:32  Hydralisk x2  
  114  7:37  Baneling  
  108  7:38  Hydralisk  
  108  7:39  Hydralisk x2  
  108  7:43  Drone x2  
  108  7:44  Hydralisk x2  
  107  7:49  Zergling x6  
  103  7:52  Queen  
  103  7:53  Zergling x2  
  103  7:55  Zergling x2  
  103  7:56  Zergling x2  
  97  7:58  Zergling x2  
  97  7:59  Zergling x6  
  95  8:05  Zergling x2  
  95  8:06  Zergling x4  
  95  8:10  Zergling x4  
  95  8:11  Zergling x4, Queen  
  93  8:14  Zergling x4  
  93  8:18  Zergling x2  
  93  8:19  Zergling x4  
  90  8:22  Zergling x4  
  90  8:25  Hydralisk x2  
  84  8:28  Hydralisk  
  84  8:30  Hydralisk  
  84  8:32  Baneling x2  
  84  8:34  Baneling x2  
  78  8:36  Drone x2  
  74  8:46  Zergling x2  
  74  8:47  Zergling x10  
  72  8:51  Hydralisk  
Show
View Real Time Build Order
Export as new Build Order

AniketosMav Protoss - Winner!

Build Orders: 1 Gate Expand, Oracle Opening 

Get SALT Encoding   

  12  0:01  Probe  
  13  0:13  Probe  
  14  0:20  Pylon  
  14  0:25  Probe  
  15  0:38  Probe (Chrono Boost)  
  15  0:40  Gateway  
  16  0:48  Assimilator  
  16  0:53  Probe (Chrono Boost)  
  17  0:57  Probe (Chrono Boost)  
  18  1:08  Probe  
  19  1:20  Probe  
  20  1:27  Nexus  
  20  1:37  Cybernetics Core  
  20  1:39  Probe  
  21  1:45  Assimilator  
  21  1:50  Pylon  
  21  1:53  Probe  
  22  2:06  Probe  
  23  2:11  Adept (Chrono Boost)  
  25  2:18  Probe  
  25  2:20  Stargate  
  26  2:30  Probe (Chrono Boost), Warp Gate  
  29  2:39  Stalker  
  29  2:41  Probe (Chrono Boost)  
  29  2:42  Probe (Chrono Boost)  
  31  2:50  Probe (Chrono Boost)  
  31  2:51  Gateway  
  32  2:52  Probe (Chrono Boost)  
  33  2:59  Probe  
  33  3:00  Probe  
  35  3:08  Oracle  
  35  3:11  Probe  
  35  3:12  Probe  
  40  3:17  Pylon  
  40  3:23  Adept (Chrono Boost), Probe  
  40  3:24  Probe  
  44  3:35  Probe  
  44  3:36  Probe  
  46  3:42  Twilight Council  
  46  3:48  Probe x2  
  48  4:00  Probe x2  
  50  4:03  Forge, Robotics Facility  
  50  4:05  Nexus  
  50  4:13  Probe  
  51  4:21  Pylon  
  51  4:27  Probe  
  51  4:28  Pylon  
  51  4:31  Charge  
  52  4:34  Adept  
  52  4:37  Pylon  
  54  4:41  Probe  
  54  4:42  Pylon, Void Ray (Chrono Boost)  
  54  4:43  Probe  
  60  4:54  Probe  
  60  4:55  Probe  
  62  5:04  Protoss Ground Weapons Level 1 (Chrono Boost)  
  62  5:06  Probe  
  63  5:07  Probe  
  63  5:11  Observer  
  65  5:17  Gateway  
  65  5:18  Gateway  
  65  5:20  Gateway  
  66  5:24  Gateway  
  66  5:27  Gateway  
  65  5:34  Pylon  
  65  5:36  Pylon  
  65  5:38  Gateway  
  65  5:39  Gateway  
  65  5:41  Probe x2  
  67  5:43  Gateway  
  67  5:45  Gateway  
  67  5:46  Warp Prism (Chrono Boost)  
  69  5:52  Sentry  
  69  5:53  Zealot  
  73  6:13  Zealot x2  
  73  6:14  Zealot  
  73  6:15  Zealot x2  
  83  6:20  Zealot  
  85  6:25  Zealot  
  87  6:34  Zealot x4  
  87  6:35  Zealot x3  
  101  6:43  Zealot x3  
  107  6:50  Zealot x4  
  110  7:09  Zealot x4  
  110  7:10  Zealot x2  
  107  7:21  Zealot  
  107  7:22  Zealot x3  
  97  7:25  Zealot  
  79  7:37  Zealot x4  
  79  7:38  Zealot x2  
  79  7:45  Zealot x5  
  79  7:48  Protoss Ground Weapons Level 2  
  77  7:55  Zealot  
  77  7:56  Zealot x2  
  77  7:57  Zealot x2  
  81  8:05  Zealot x4  
  83  8:06  Zealot x2  
  83  8:11  Zealot x3  
  81  8:20  Zealot x2  
  79  8:29  Zealot x6  
  81  8:38  Zealot x2  
  81  8:39  Zealot  
  81  8:40  Zealot x2  
Tags
 
Add a new tag
Caveats
  • Supply blocks, unpowered buildings, or Contaminate may cause inaccurate times.
  • Supply counts are checked every 10 seconds.